cohdb
Replays
Latest Replays
All Replays
Popular Replays
Top Player Replays
Match Explorer
How It Works
Community
CoH3 Stats
Reddit
Sign in to upload your games and track your stats! →
Sign in with Steam
Match 42402401
Unlisted
Match 42402401
Overview
Messages
Build Orders
End
Construct Infanterie Kompanie
MG 42 Machine Gun Team
Grenadier Squad
GrW 34 Mortar Team
Medical Station
GrW 34 Mortar Team
Construct Luftwaffe Kompanie
Jäger Squad
Support Elements
Jäger Squad
Wirbelwind Flakpanzer
MG 42 Machine Gun Team
Jäger Squad
Construct Panzer Kompanie
Selects Terror Battlegroup
Selects Contempt for the Weak
Selects Propaganda Leaflet Drop
Selects Machine Gun Camouflage
Propaganda Leaflet Drop
Panzer IV Medium Tank
Propaganda Leaflet Drop
Panzer IV Medium Tank
Propaganda Leaflet Drop
Side Skirts
Selects V1 Rocket Strike
Pioneer Squad
V1 Rocket Strike
Selects No Quarter
Propaganda Leaflet Drop
Metalharl
RommelF
^3
Chicharrone$DeCaí
抖音雨哲QAQ
灯芯
浩然
大将军
0
0
Comments
sign in to comment!
No comments posted yet!